 Dungeon Crawl Stone Soup version 0.20.1-1-g8b1a95d (webtiles) character file.

2800 Thjof the Cleaver (level 9, 50/79 HPs)
             Began as a Hill Orc Fighter on Nov 8, 2017.
             Was a Follower of Qazlal.
             Quit the game on level 6 of the Dungeon.
             The game lasted 01:06:54 (4754 turns).

Thjof the Cleaver (Hill Orc Fighter)                Turns: 4754, Time: 01:06:54

Health: 50/79      AC: 11    Str: 20    XL:     9   Next: 71%
Magic:  18/18      EV: 10    Int: 10    God:    Qazlal [*.....]
Gold:   351        SH: 13    Dex: 17    Spells: 8/8 levels left

rFire    . . .     SeeInvis .   a - +0 war axe
rCold    + . .     Gourm    .   c - +0 shield
rNeg     . . .     Faith    .   N - +5 ring mail of Fott {rC+}
rPois    .         Spirit   .   (no helmet)
rElec    .         Reflect  .   (no cloak)
rCorr    .         Harm     .   (no gloves)
MR       +....                  (no boots)
Stlth    +.........             (no amulet)
Regen    0.3/turn               r - +5 ring of dexterity
MPRegen  0.2/turn               v - ring of magical power

@: no status effects
A: clever 1, high mp 1, magic resistance 1
a: Renounce Religion


You were on level 6 of the Dungeon.
You worshipped Qazlal.
Qazlal was aware of your devotion.
You were not hungry.

You visited 2 branches of the dungeon, and saw 7 of its levels.

You collected 399 gold pieces.
You spent 48 gold pieces at shops.

Inventory:

Hand Weapons
 a - a +0 war axe (weapon)
 b - a +0 blowgun
Missiles
 n - 101 sling bullets
 t - 36 poisoned needles
 u - 7 tomahawks (quivered)
 w - 53 stones
 z - 45 bolts
 P - 59 arrows
Armour
 c - a +0 shield (worn)
 N - the +5 ring mail of Fott (worn) {rC+}
   (You found it on level 4 of the Dungeon)

   It protects you from cold.
Jewellery
 q - an uncursed ring of magical power
 r - a +5 ring of dexterity (left hand)
 v - a ring of magical power (right hand)
Wands
 y - a wand of clouds (4/9)
Scrolls
 g - a scroll of magic mapping {unknown}
 j - 2 scrolls of teleportation
 k - 3 scrolls of identify
 l - a scroll of recharging
 F - a scroll of enchant weapon {unknown}
 G - a scroll of fog
 O - 3 scrolls of remove curse
Potions
 d - 2 potions of might
 e - 3 potions of curing
 i - 3 potions of lignification {unknown}
 o - 2 potions of agility
 s - 4 potions of flight
 C - 2 potions of brilliance {unknown}
 E - 2 potions of magic {unknown}
 Z - a potion of berserk rage {unknown}
Books
 h - a book of Minor Magic

   Spells                             Type                      Level
   a - Magic Dart                     Conjuration                  1
   b - Blink                          Translocation                2
   c - Call Imp                       Summoning                    2
   d - Slow                           Hexes                        2
   e - Conjure Flame                  Conjuration/Fire             3
   f - Mephitic Cloud                 Conjuration/Poison/Air       3
Comestibles
 f - 5 bread rations
 A - 4 royal jellies
 B - 4 mutagenic chunks of flesh
 D - 3 meat rations
 M - 11 chunks of flesh
 Q - 3 fruits


   Skills:
 + Level 7.2 Fighting
 + Level 10.9 Axes
 + Level 3.6 Throwing
 + Level 5.8 Armour
 + Level 2.6 Dodging
 + Level 6.4 Shields


You had 8 spell levels left.
You didn't know any spells.

Dungeon Overview and Level Annotations

Branches:
Dungeon (6/15)             Temple (1/1) D:5

Altars:
Ashenzari
Cheibriados
Dithmenos
Elyvilon
Fedhas
Gozag
Kikubaaqudgha
Makhleb
Nemelex Xobeh
Okawaru
Qazlal
Ru
Sif Muna
Trog
Xom
Yredelemnul
Zin
The Shining One

Shops:
D:4 !   D:5 =


Innate Abilities, Weirdness & Mutations

Your mind is acute. (Int +2)
You have an increased reservoir of magic. (+10% MP)
You are resistant to hostile enchantments. (MR+)


Message History

a whip; a chain mail; an orc skeleton
V - a whip;
W - a chain mail Drop what? 50/52 slots (_ for help) (? for menu, Esc to quit)
You drop a large shield.
You drop a leather armour.
You drop a shortbow.
You drop a leather armour. x2
You drop a dire flail.
You drop a giant spiked club.
You drop a war axe.
You drop a leather armour. x2
You drop a ring mail.
You drop a whip.
You drop a chain mail.
You start removing your armour.
You continue taking off your +1 pair of gloves of strength. x4
You finish taking off your +1 pair of gloves of strength.
You feel weaker.
You drop a +1 pair of gloves of strength.
Are you sure you want to abandon this character and quit the game? (Confirm with "yes".)

#.....#..#.
#.#...##...##..
#.....###.###..
#..###.##.##.##
#...###.#.#a###
#....####.####.
#.......⌠.....
##..####.####..
#@÷###.#.#.###..
#.###.##.##.###..
#....###.###.....
##...##...##....
##..#.....#..#
##.÷........#
##........#####
##.........÷..#
#..........##..


There were no monsters in sight!

Vanquished Creatures
  A two-headed ogre (D:6)
  The ghost of StylePro the Chopper, a novice NaFi (D:5)
  The ghost of veneficus the Changer, a novice DrTm (D:6)
  Sigmund (D:3)
  The ghost of Qupu the Changer, an amateur DrTm (D:3)
  4 sky beasts
  3 ogres
  A scorpion (D:4)
  A howler monkey (D:5)
  A crimson imp (D:6)
  A quasit (D:6)
  3 hounds
  An orc wizard (D:5)
  2 jellies
  An orc priest (D:5)
  4 worker ants
  A hound skeleton (D:5)
  7 adders
  An adder zombie (D:5)
  2 adder skeletons
  A worm (D:4)
  2 dart slugs
  4 leopard geckos
  19 orcs
  A ball python (D:3)
  6 giant cockroaches
  5 goblins (D:1)
  9 hobgoblins
  15 jackals
  4 quokkas
  A ball python zombie (D:5)
  4 bats
  10 frilled lizards
  8 kobolds
  A leopard gecko skeleton (D:6)
  A leopard gecko zombie (D:5)
  14 rats
  4 plants (D:5)
147 creatures vanquished.

Notes
Turn   | Place    | Note
-------+----------+-------------------------------------------
     0 | D:1      | Thjof the Hill Orc Fighter began the quest for the Orb.
     0 | D:1      | Reached XP level 1. HP: 19/19 MP: 1/1
    85 | D:1      | Reached XP level 2. HP: 26/27 MP: 2/2
   240 | D:1      | Reached skill level 3 in Axes
   347 | D:1      | Reached XP level 3. HP: 33/33 MP: 3/3
   549 | D:2      | Found an opulent altar of Gozag.
   785 | D:2      | Reached skill level 4 in Axes
   880 | D:2      | Reached XP level 4. HP: 35/40 MP: 4/4
   912 | D:2      | Found an iron altar of Okawaru.
  1087 | D:2      | Found a faded altar of an unknown god.
  1461 | D:3      | Noticed Sigmund
  1480 | D:3      | Killed Sigmund
  1480 | D:3      | Reached skill level 5 in Axes
  1480 | D:3      | Reached XP level 5. HP: 29/46 MP: 5/5
  1753 | D:3      | Noticed Qupu's ghost (amateur DrTm)
  1763 | D:3      | Killed Qupu's ghost
  1763 | D:3      | Reached skill level 6 in Axes
  1763 | D:3      | Reached skill level 1 in Throwing
  1763 | D:3      | Reached XP level 6. HP: 42/53 MP: 6/6
  1904 | D:3      | Found a snail-covered altar of Cheibriados.
  1942 | D:3      | Found a burning altar of Makhleb.
  2199 | D:4      | Reached XP level 7. HP: 31/60 MP: 7/7
  2220 | D:4      | Found Fydos's Distillery.
  2232 | D:4      | Bought a potion of agility for 48 gold pieces
  2370 | D:4      | Reached skill level 7 in Axes
  2426 | D:4      | Got a scorched ring mail
  2437 | D:4      | Identified the +5 ring mail of Fott {rC+} (You found it on level 4 of the Dungeon)
  2553 | D:4      | Reached skill level 5 in Fighting
  2553 | D:4      | Reached skill level 1 in Dodging
  2909 | D:5      | Entered Level 5 of the Dungeon
  2969 | D:5      | Found a staircase to the Ecumenical Temple.
  3024 | Temple   | Entered the Ecumenical Temple
  3306 | Temple   | Became a worshipper of Qazlal Stormbringer
  3364 | D:5      | Found Femoteur's Jewellery Shop.
  3384 | D:5      | Found a blossoming altar of Fedhas.
  3446 | D:5      | Reached skill level 8 in Axes
  3446 | D:5      | Reached skill level 5 in Shields
  3446 | D:5      | Reached XP level 8. HP: 60/69 MP: 8/8
  3595 | D:5      | Gained mutation: Your mind is acute. (Int +2) [mutagenic meat]
  3916 | D:5      | Noticed StylePro's ghost (novice NaFi)
  3926 | D:5      | Reached skill level 5 in Armour
  3941 | D:5      | Killed StylePro's ghost
  3941 | D:5      | Reached skill level 9 in Axes
  3952 | D:5      | Reached * piety under Qazlal
  4096 | D:5      | Noticed an angel
  4105 | D:5      | Found a glowing silver altar of Zin.
  4399 | D:6      | Found a sparkling altar of Nemelex Xobeh.
  4416 | D:6      | Reached XP level 9. HP: 71/78 MP: 9/9
  4434 | D:6      | Gained mutation: You have an increased reservoir of magic. (+10% MP) [mutagenic meat]
  4435 | D:6      | Gained mutation: You are resistant to hostile enchantments. (MR+) [mutagenic meat]
  4647 | D:6      | Noticed veneficus's ghost (novice DrTm)
  4652 | D:6      | Noticed a two-headed ogre
  4665 | D:6      | Killed veneficus's ghost
  4665 | D:6      | Reached skill level 10 in Axes
  4670 | D:6      | Killed a two-headed ogre
  4754 | D:6      | Quit the game

Skill      XL: |  1  2  3  4  5  6  7  8  9 |
---------------+----------------------------+-----
Axes           | 3 4 5 6 8 9 10 | 10.9
Shields        | 4 5 6 |  6.4
Fighting       | 4 5 6 7 |  7.2
Armour         | 4 5 |  5.8
Throwing       | 1 2 3 |  3.6
Dodging        | 1 2 |  2.6

Action                   |  1- 3 |  4- 6 |  7- 9 || total
-------------------------+-------+-------+-------++-------
Melee: War axe           |   141 |    89 |   279 ||   509
 Fire: Blowgun           |       |     2 |     3 ||     5
Throw: Stone             |    16 |    12 |     4 ||    32
       Javelin           |       |    11 |     1 ||    12
       Tomahawk          |       |       |    35 ||    35
  Use: Potion            |       |     3 |     1 ||     4
       Scroll            |       |     2 |     7 ||     9
  Eat: Chunk             |       |     5 |     6 ||    11
       Meat ration       |       |       |     1 ||     1
Armor: Scale mail        |    55 |    19 |       ||    74
       Chain mail        |       |    11 |     8 ||    19
       Ring mail         |       |       |    88 ||    88
Dodge: Dodged            |    39 |    26 |    62 ||   127
Block: Shield            |    73 |    39 |   125 ||   237
